 Dungeon Crawl Stone Soup version 0.30.1-11-g7821555f0a (webtiles) character file.

Game seed: 6599006937802871581

1 lonewolfV2 the Covered (level 1, -1/19 HPs)
             Began as an Armataur Fighter on Nov 1, 2023.
             Slain by a gnoll
             ... wielding a +0 spear
              (4 damage)
             ... on level 1 of the Dungeon.
             The game lasted 00:00:37 (48 turns).

lonewolfV2 the Covered (Armataur Fighter)             Turns: 48, Time: 00:00:37

Health: -1/19      AC:  6    Str: 21    XL:     1   Next: 16%
Magic:  1/1        EV:  7    Int:  8    God:
Gold:   6          SH:  4    Dex:  9    Spells: 0/0 levels left

rFire   . . .        a - +0 war axe
rCold   . . .        c - +0 buckler
rNeg    . . .        b - +0 scale mail
rPois   .            (no helmet)
rElec   .            (no cloak)
rCorr   .            (no gloves)
SInv    .            (no barding)
Will    .....        (no amulet) Stlth
                     (no ring)
HPRegen 0.23/turn    (no ring)
MPRegen 0.07/turn

%: roll
@: no status effects
A: large, rugged brown scales 3, deformed body, armoured tail, roll, long
tongue, awkward tongue
a: no special abilities


You were on level 1 of the Dungeon.
You visited 1 branch of the dungeon, and saw 1 of its levels.

You collected 6 gold pieces.

Inventory:

Hand Weapons
 a - a +0 war axe (weapon)
Armour
 b - a +0 scale mail (worn)
 c - a +0 buckler (worn)
Potions
 d - a potion of might


   Skills:
 + Level 2.7 Fighting
 * Level 1.6 Axes
 - Level 3.6 Armour
 - Level 3.2 Shields


You couldn't memorise any spells.
You didn't know any spells.
Your spell library was empty.

Dungeon Overview and Level Annotations

Branches:
Dungeon (1/15)

Altars:

Annotations:
D:1 1 transporter


Innate Abilities, Weirdness & Mutations

You are completely covered in rugged brown scales. (AC +3, +7% HP)
Armour fits poorly on your strangely shaped body.
You have a long armoured tail.
You roll when moving toward enemies. (Rampage)
Your long tongue fully drains potion bottles. (2x potion effects)
Your tongue gives you trouble enunciating. (1.5x scroll delay)


Message History

Welcome, lonewolfV2 the Armataur Fighter.
Will you be the one to retrieve the splendid Orb of Zot from the depths?
Press ? for a list of commands and other information.
Found 10 gold pieces.
Found a staircase leading out of the dungeon.
Found a transporter.
You now have 6 gold pieces.
A bat comes into view.
A bat is nearby!
A bat is nearby!
A bat is nearby!
You slash the bat!
You kill the bat!
A gnoll comes into view. It is wielding a +0 spear.
The gnoll shouts!
The gnoll moves out of view.
A gnoll is nearby!
A frilled lizard comes into view.
The frilled lizard hisses angrily.
The frilled lizard moves out of view.
Sorry, you're not good enough to have a special ability.
You roll towards the gnoll!
A kobold comes into view. It is wielding a +0 short sword.
You barely miss the gnoll. The gnoll hits you with a +0 spear.
You closely miss the gnoll. The gnoll hits you but does no damage.
A frilled lizard comes into view.
A rat comes into view.
The gnoll hits you with a +0 spear.
The frilled lizard moves out of view.
You closely miss the gnoll. You closely miss the frilled lizard.
The frilled lizard bites you but does no damage.
The gnoll hits you with a +0 spear.
The frilled lizard hisses angrily.
You hit the gnoll.
The gnoll is moderately wounded.
You hit the frilled lizard. You block the gnoll's attack.
The frilled lizard barely misses you. The gnoll hits you with a +0 spear.
* * * LOW HITPOINT WARNING * * *
The frilled lizard closely misses you.
The gnoll hits you from afar with a +0 spear.
You die...

##.#
#######
#.# #.#
#.# #.#
#.###
#...#
###.##
#.@# ##.#
.....Klg#
.......r#
......l..
.......#.
.......
..
.......
..
.......
...


You could see a gnoll, 2 frilled lizards and a rat.

Vanquished Creatures
  A bat (D:1)
1 creature vanquished.

Notes
Turn   | Place    | Note
-------+----------+-------------------------------------------
     0 | D:1      | lonewolfV2 the Armataur Fighter began the quest for the
                  | Orb.
     0 | D:1      | Reached XP level 1. HP: 19/19 MP: 1/1
    48 | D:1      | Slain by a gnoll

Illustrated notes

Levels and vault maps discovered:
D:1:      spicycebolla_arrival_risky_transporter, layout_rooms

Action                     || total
---------------------------++-------
  Melee: War axe           ||     5
 Armour: Scale mail        ||     2
  Dodge: Dodged            ||     2
  Block: Buckler           ||     1
